 Dungeon Crawl Stone Soup version 0.32-a0-350-g4f4d228785 (webtiles) character file.

Game seed: 7850513692373324199

22 Bobbunny the Sneak (level 2, -1/16 HPs)
             Began as a Vine Stalker Brigand on Feb 18, 2024.
             Frozen to death by an endoplasm (4 damage)
             ... on level 1 of the Dungeon.
             The game lasted 00:00:28 (214 turns).

Bobbunny the Sneak (Vine Stalker Brigand)            Turns: 214, Time: 00:00:28

Health: -1/16      AC:  3    Str: 13    XL:     2   Next: 91%
Magic:  0/3        EV: 11    Int: 11    God:
Gold:   11         SH:  0    Dex: 15    Spells: 1/1 levels left

rFire   . . .        a - +2 dagger
rCold   . . .        (no shield)
rNeg    . . .        b - +0 robe
rPois   .            (no helmet)
rElec   .            c - +0 cloak
rCorr   +            (no gloves)
SInv    .            (no boots)
Will    .....        (no amulet)
Stlth   +++          h - ring of resist corrosion
HPRegen 1.02/turn    (no ring)
MPRegen 0.08/turn

%: guardian spirit
@: no status effects
A: fangs 2, regeneration 1, magic shield, antimagic bite, no potion heal 2
a: no special abilities


You were on level 1 of the Dungeon.
You visited 1 branch of the dungeon, and saw 1 of its levels.

You collected 11 gold pieces.

Inventory:

Hand Weapons
 a - a +2 dagger (weapon)
Missiles
 e - 3 curare-tipped darts (quivered)
 f - 9 poisoned darts
Armour
 b - a +0 robe (worn)
 c - a +0 cloak (worn)
Jewellery
 h - a ring of resist corrosion (left hand)
Scrolls
 d - a scroll of teleportation {unknown}
 g - a scroll of poison {unknown}


   Skills:
 + Level 2.3 Fighting
 + Level 2.2 Short Blades
 - Level 2.0 Throwing
 - Level 0.7 Dodging
 - Level 5.0 Stealth


You had one spell level left.
You didn't know any spells.
Your spell library was empty.

Dungeon Overview and Level Annotations

Branches:
Dungeon (1/15)

Altars:


Innate Abilities, Weirdness & Mutations

You have extremely sharp teeth.
Your natural rate of healing is unusually fast.
When hurt, damage is shared between your health and your magic reserves.
Your bite disrupts and absorbs the magic of your enemies.
Potions cannot restore your health.


Message History

An endoplasm comes into view.
Found 9 gold pieces.
The goblin hits you with a +0 club.
You closely miss the goblin.
The endoplasm quivers.
You bite the goblin. You drain its power.
You feel invigorated.
The goblin is moderately wounded.
You hit the goblin. You bite the goblin.
You kill the goblin!
A bat comes into view.
You see here a +0 club.
You hit the endoplasm.
The endoplasm is heavily wounded.
The endoplasm hits you. The bat misses you.
You barely miss the gnoll. Your bite misses the gnoll.
The bat closely misses you. The gnoll barely misses you.
The endoplasm freezes you.
You are frozen.
You hit the gnoll.
The gnoll is lightly wounded.
The bat hits you but does no damage. The gnoll closely misses you.
The endoplasm freezes you.
You are frozen.
You hit the gnoll. You bite the gnoll. You drain its power.
You feel invigorated.
The gnoll is heavily wounded.
The bat hits you but does no damage. The bat barely misses you.
The endoplasm hits you but does no damage.
The gnoll hits you with a +0 whip.
You barely miss the gnoll.
The gnoll is heavily wounded.
The bat closely misses you. The gnoll hits you with a +0 whip!
* * * LOW HITPOINT WARNING * * *
The endoplasm hits you.
* * * LOW HITPOINT WARNING * * *
You hit the gnoll.
The gnoll is severely wounded.
The bat hits you. The endoplasm freezes you.
You are frozen.
You die...

#####...# ##........
#.....[.###...#.##..
#####.#.....#.....#.##.♣
#.............#..##.##..
#.......#..####..#..##..
........#.#####..#......
.............##########)
........#.#### ######.
#......@b.# ........
#.....gJ.## # ........
#.......... #..##.####
..........## #..#......
..........# ........
........... .#......
..........$. #......
######...#### #...<..
#......


You could see a gnoll, an endoplasm and a bat.

Vanquished Creatures
  An endoplasm (D:1)
  3 goblins (D:1)
  4 jackals (D:1)
  2 frilled lizards (D:1)
  A kobold (D:1)
  A rat (D:1)
12 creatures vanquished.

Notes
Turn   | Place    | Note
-------+----------+-------------------------------------------
     0 | D:1      | Bobbunny the Vine Stalker Brigand began the quest for the
                  | Orb.
     0 | D:1      | Reached XP level 1. HP: 11/11 MP: 2/2
    17 | D:1      | Found a faded altar of an unknown god.
    47 | D:1      | Reached skill level 5 in Stealth
    47 | D:1      | Reached XP level 2. HP: 14/15 MP: 3/3
   214 | D:1      | Frozen to death by an endoplasm

Illustrated notes

Levels and vault maps discovered:
D:1:      lemuel_arrival_room, layout_rooms, chequers_ecumenical_altar_simple

Skill      XL: |  1  2 |
---------------+-------+-----
Fighting       | 2 |  2.3
Throwing       | 2 |  2.0
Stealth        | 5 |  5.0
Short Blades   | 2 |  2.2
Dodging        | |  0.7

Action                     || total
---------------------------++-------
  Melee: Dagger            ||    42
         Bite              ||    11
 Armour: Robe              ||    22
  Dodge: Dodged            ||    22

Table legend: (Time is in decaauts)
 A = Elapsed time spent in this place.
 B = Non-inter-level travel time spent in this place.
 C = Inter-level travel time spent in this place.
 D = Time resting spent in this place.
 E = Time spent auto-exploring this place.
 F = Levels seen in this place.
 G = Mean time per level.
                   A        B        C        D        E       F      G
               +--------+--------+--------+--------+--------+-----+--------+
         Total |    209 |    209 |      0 |      0 |    130 |   1 |  209.0 |
       Dungeon |    209 |    209 |      0 |      0 |    130 |   1 |  209.0 |
               +--------+--------+--------+--------+--------+-----+--------+

Top non-repeatable levels by time:
     D:1: 209 daAuts
